 Dungeon Crawl Stone Soup version 0.24-a0-269-g32ec7ca (webtiles) character file.

Game seed: 11542088418004893801

111 Lanoc the Slasher (level 4, -2/40 HPs)
             Began as a Draconian Monk on Apr 22, 2019.
             Splashed by a jelly's acid (9 damage)
             ... on level 2 of the Dungeon.
             The game lasted 00:02:20 (871 turns).

Lanoc the Slasher (Draconian Monk)                   Turns: 871, Time: 00:02:22

Health: -2/40      AC:  5    Str: 14    XL:     4   Next: 62%
Magic:  4/4        EV: 13    Int: 10    God:
Gold:   39         SH:  0    Dex: 14    Spells: 3/3 levels left

rFire    . . .     SeeInvis .   a - +0 falchion
rCold    . . .     Gourm    .   (no shield)
rNeg     . . .     Faith    .   (armour unavailable)
rPois    .         Spirit   .   (helmet restricted)
rElec    .         Reflect  .   (no cloak)
rCorr    .         Harm     .   (no gloves)
MR       .....                  (no boots)
Stlth    +.........             (no amulet)
HPRegen  0.13/turn              c - ring of attention (curse)
MPRegen  0.09/turn              (no ring)

@: no status effects
A: unfitting armour, cold-blooded, AC +5
a: no special abilities


You were on level 2 of the Dungeon.
You were not hungry.

You visited 1 branch of the dungeon, and saw 2 of its levels.

You collected 39 gold pieces.

Inventory:

Hand Weapons
 a - a +0 falchion (weapon)
Jewellery
 c - a cursed ring of attention (left hand)
Potions
 d - 2 potions of curing {unknown}
 e - a potion of flight {unknown}
 f - a potion of brilliance {unknown}
Comestibles
 b - 2 rations


   Skills:
 + Level 4.1 Fighting
 * Level 4.4 Long Blades
 + Level 3.3 Dodging
 - Level 1.7 Stealth


You had 3 spell levels left.
You didn't know any spells.
Your spell library was empty.

Dungeon Overview and Level Annotations

Branches:
Dungeon (2/15)

Altars:


Innate Abilities, Weirdness & Mutations

Your plain brown scales are hard. (AC +5)
You cannot fit into any form of body armour.
You are cold-blooded and may be slowed by cold attacks.


Message History

The ooze jiggles.
You hit the jelly but do no damage. The acid corrodes you!
Your hands burn!
* * * LOW HITPOINT WARNING * * *
The jelly is severely wounded.
The jelly completely misses you.
The jelly jiggles.
The ooze jiggles.
There is an open door here.
You are no longer corroded.
The jelly closely misses you.
You barely miss the jelly.
The jelly is heavily wounded.
The jelly closely misses you.
You hit the jelly.
Your hands burn!
* * * LOW HITPOINT WARNING * * *
The jelly is severely wounded.
The jelly hits you.
* * * LOW HITPOINT WARNING * * *
You are splashed with acid!
You die...

##.#####.#.#
#.# #J.# #.#
#.#.# #.#
#... #.#
#.#.#
#J#######.##
#.# #.#.#
#.J..JJ...#
#.# #J#.#
###########
#†# #J#.#
#.# #J#.#
#.# #J#
#.#####@#
#.......#
#########


You could see a jelly and 3 oozes.

Vanquished Creatures
  2 jellies (D:2)
  3 oozes (D:2)
  A dart slug (D:2)
  2 ball pythons
  A giant cockroach (D:2)
  3 goblins (D:1)
  4 hobgoblins (D:1)
  9 kobolds
  3 bats
  4 rats (D:1)
32 creatures vanquished.

Vanquished Creatures (others)
  2 fungi (D:2)
  8 toadstools (D:2)
10 creatures vanquished.

Grand Total: 42 creatures vanquished

Notes
Turn   | Place    | Note
-------+----------+-------------------------------------------
     0 | D:1      | Lanoc the Draconian Monk began the quest for the Orb.
     0 | D:1      | Reached XP level 1. HP: 19/19 MP: 1/1
    65 | D:1      | Reached XP level 2. HP: 12/26 MP: 2/2
   434 | D:2      | Reached XP level 3. HP: 32/33 MP: 3/3
   551 | D:2      | Reached XP level 4. HP: 11/40 MP: 4/4
   871 | D:2      | Splashed by a jelly's acid

Levels and vault maps discovered:
D:1:      psy_arrival_radial01, layout_rooms
D:2:      cheibrodos_fertilizer, layout_basic, old_standard_altar, first_ration

Skill      XL: |  1  2  3  4 |
---------------+-------------+-----
Dodging        | 3 |  3.3
Long Blades    | 4 |  4.4
Fighting       | 4 |  4.1
Stealth        | |  1.7

Action                   |  1- 3 |  4- 6 || total
-------------------------+-------+-------++-------
Melee: Falchion          |    80 |    16 ||    96
       Tailslap          |    17 |     3 ||    20
  Use: Scroll            |     1 |       ||     1
 Stab: Distracted        |       |     1 ||     1
Armor: Skin              |    33 |     5 ||    38
Dodge: Dodged            |    65 |     6 ||    71
       Rpst.: Falchion   |    21 |     2 ||    23

Table legend:
 A = Non-vault XP
 B = Vault XP
 C = Vault XP percentage of total XP
 D = Non-vault monster count
 E = Vault monster count
 F = Vault count percentage of total count
                 A         B        C        D         E       F
            +---------+---------+-------+---------+---------+-------
      Total |      41 |     118 |  74.2 |      21 |      11 |  34.4
            +---------+---------+-------+---------+---------+-------
        D:1 |      26 |       0 |   0.0 |      16 |       0 |   0.0
        D:2 |      15 |     118 |  88.7 |       5 |      11 |  68.8
            +---------+---------+-------+---------+---------+-------
